Blackdemons vs Sasquatch
Created - 20 janvier 2015 at 19:14
Goals
|
Blackdemons |
1 |
2 |
2 |
5 |
Sasquatch |
2 |
1 |
1 |
4 |
|
Shots
|
Blackdemons |
12 |
17 |
16 |
45 |
Sasquatch |
13 |
15 |
7 |
35 |
|
1st period
1. Sasquatch , Jakub Voracek 21 (D.J King, Joe Corvo) at 1:05 (PP)
2. Blackdemons , Mathieu Dandenault 13 (Wayne Primeau) at 15:39
3. Sasquatch , Kevin Porter 10 (Ian Cole) at 16:14
Penalties :
Zach Boychuk (MJM) for Hooking (Minor) at 0:40
2nd period
4. Blackdemons , Enver Lisin 41 (Jakub Kindl, Wayne Primeau) at 2:43 (PP)
5. Blackdemons , Enver Lisin 42 (Michael Haley, Brendon Nash) at 5:05
6. Sasquatch , D.J King 27 (Derek Stepan, Jakub Voracek) at 18:52 (PP)
Penalties :
Derek Stepan (Gat) for Interference (Minor) at 2:05, Jake Gardiner (Gat) for Roughing (Minor) at 12:00, Michael Haley (MJM) for Hooking (Minor) at 18:38
3rd period
7. Sasquatch , Jakub Voracek 22 (Derek Stepan) at 6:01 (PP)
8. Blackdemons , Enver Lisin 43 (Michael Haley, Matt Hunwick) at 10:14
9. Blackdemons , Mathieu Dandenault 14 (Alyn McCauley) at 14:52
Penalties :
Mathieu Dandenault (MJM) for Interference (Minor) at 1:47, Alyn McCauley (MJM) for Hooking (Minor) at 5:58, D.J King (Gat) for Hooking (Minor) at 10:34, Derek Stepan (Gat) for Roughing (Minor) at 0:00
Goalie Stats
Martin Biron (MJM), 31 saves from 35 shots - (0,886), W, 33-6-2, 60:00 minutes
Anders Lindback (Gat), 40 saves from 45 shots - (0,889), L, 11-13-1, 59:36 minutes
Players Stats for Blackdemons
Player Name G A P +/- PIM S H SB GA TA FO MP PP MP PK MP
------------------------------------------------------------------------------------
Alyn McCauley 0 1 1 1 2 0 1 2 0 0 4/7 13:05 1:45 0:31
Andrew MacDonald 0 0 0 0 0 2 0 0 0 0 0/0 15:49 0:00 0:00
Brendon Nash 0 1 1 1 0 1 0 1 0 0 0/0 17:43 1:54 0:53
Enver Lisin 3 0 3 2 0 12 1 0 1 1 0/2 23:31 2:38 2:01
Francois Bouchard 0 0 0 0 0 0 1 0 0 0 0/0 7:54 0:00 0:00
Jakub Kindl 0 1 1 1 0 1 1 1 0 1 0/0 17:43 1:54 0:53
Luca Caputi 0 0 0 0 0 0 1 0 0 0 0/0 7:54 0:00 0:00
Mathieu Dandenault 2 0 2 1 2 6 1 0 1 0 0/0 16:55 1:58 0:00
Matt Calvert 0 0 0 0 0 3 0 0 1 0 1/2 13:29 0:28 0:00
Matt Hunwick 0 1 1 2 0 4 3 4 0 1 0/0 26:28 2:42 1:48
Michael Haley 0 2 2 2 2 0 0 0 1 1 1/2 19:57 1:58 0:16
Michael Kostka 0 0 0 2 0 4 3 3 0 0 0/0 26:28 2:42 1:48
Nate Prosser 0 0 0 0 0 2 1 1 0 0 0/0 15:49 0:00 0:00
Scott Timmins 0 0 0 0 0 0 0 0 0 0 0/1 10:58 0:00 0:01
Shawn Matthias 0 0 0 2 0 4 4 1 0 0 11/32 19:37 0:51 0:00
Steven Zalewski 0 0 0 0 0 0 1 0 0 0 1/3 8:40 0:00 0:32
Wayne Primeau 0 2 2 0 0 3 1 1 1 0 10/24 16:30 1:32 2:01
Zach Boychuk 0 0 0 1 2 3 3 0 1 1 0/0 18:45 2:38 0:00
Players Stats for Sasquatch
Player Name G A P +/- PIM S H SB GA TA FO MP PP MP PK MP
------------------------------------------------------------------------------------
Brandon Bochenski 0 0 0 1 0 0 3 0 1 0 1/1 17:17 0:48 0:31
Cam Atkinson 0 0 0 0 0 0 2 0 0 0 0/0 10:47 0:00 0:00
D.J King 1 1 2 -2 2 5 3 0 0 0 2/5 22:49 1:53 1:39
Derek Stepan 0 2 2 -2 4 2 4 0 1 1 24/39 20:56 1:53 0:00
Ian Cole 0 1 1 -2 0 3 3 1 1 0 0/0 23:12 1:18 0:23
Jake Gardiner 0 0 0 0 2 2 5 4 1 0 0/0 29:12 2:04 1:59
Jakub Voracek 2 1 3 -2 0 9 2 0 0 1 1/2 21:09 1:53 0:00
Joe Corvo 0 1 1 0 0 0 1 2 0 0 0/0 4:12 0:25 0:00
Josh Bailey 0 0 0 -2 0 1 0 0 0 0 0/0 8:05 0:00 0:30
Keith Yandle 0 0 0 0 0 3 2 2 0 1 0/0 24:17 0:31 1:50
Kevin Porter 1 0 1 1 0 2 2 0 1 1 11/17 18:18 0:48 2:40
Kyle Clifford 0 0 0 0 0 0 3 0 0 0 0/0 12:47 0:00 1:16
Luke Adam 0 0 0 -2 0 0 1 0 0 0 2/2 7:22 0:00 0:00
Matt Frattin 0 0 0 -2 0 1 0 0 0 0 0/1 8:35 0:00 1:13
Matt Niskanen 0 0 0 -2 0 3 0 1 0 1 0/0 21:46 0:32 2:12
Nick Leddy 0 0 0 -2 0 0 1 1 0 1 0/0 15:23 0:32 2:48
Oskar Osala 0 0 0 1 0 3 0 0 0 0 0/0 16:05 0:48 0:31
Stephane Da Costa 0 0 0 0 0 1 1 0 0 0 4/6 13:09 0:00 0:52
3 Stars
1 - Enver Lisin (MJM)
2 - Jakub Voracek (Gat)
3 - Mathieu Dandenault (MJM)
Power Play
Blackdemons - 1 on 4 Attempt(s) - 25,00%
Sasquatch - 3 on 4 Attempt(s) - 75,00%
Penalty Kill
Blackdemons - 1 on 4 Attempt(s) - 25,00%
- Score 0 goal in Penalty Kill
Sasquatch - 3 on 4 Attempt(s) - 75,00%
- Score 0 goal in Penalty Kill
Team Stat
Blackdemons - Hits : 22 - Faceoff Wins : 28 - Blocked Shots : 14 - Penalty Minutes : 8
Sasquatch - Hits : 33 - Faceoff Wins : 45 - Blocked Shots : 11 - Penalty Minutes : 8
Official
Referees : Pollock Kevin and Sutherland Kelly
Linesman : Michel Cormier and Lyle Seitz
Game Notes
Joe Corvo is injured at 11:08 of 1st period (Bruised Left Arm)
5:05 of 2nd period - Blackdemons goal is going for a video replay. After video review, Goal.
Wayne Primeau is injured at 8:07 of 3rd period (Bruised Right Shoulder)
Enver Lisin has scored a Hat Trick!
Finance
Level 1 -- Attendance: 1391 (69,55%) -- Ticket Income 48 685 $
Level 2 -- Attendance: 726 (72,60%) -- Ticket Income 10 890 $
Total Attendance: 2117 (70,57%)
Total Ticket Income: 59 575 $
Other Income: 2 979 $
Total Income: 62 554 $
Blackdemons
5 vs 5 Forward
Center Left Wing Right Wing Time % Phy DF OF
1 Shawn Matthias Michael Haley Enver Lisin 40 1 2 2
2 Wayne Primeau Zach Boychuk Mathieu Dandenault 30 1 2 2
3 Alyn McCauley Matt Calvert Scott Timmins 20 1 2 2
4 Steven Zalewski Luca Caputi Francois Bouchard 10 1 2 2
5 vs 5 Defense
Defense Defense Time % Phy DF OF
1 Michael Kostka Matt Hunwick 40 1 2 2
2 Brendon Nash Jakub Kindl 30 1 2 2
3 Andrew MacDonald Nate Prosser 20 1 2 2
4 Michael Kostka Matt Hunwick 10 1 2 2
PowerPlay Forward
Center Left Wing Right Wing Time % Phy DF OF
1 Wayne Primeau Zach Boychuk Enver Lisin 60 1 2 2
2 Alyn McCauley Michael Haley Mathieu Dandenault 40 1 2 2
PowerPlay Defense
Defense Defense Time % Phy DF OF
1 Michael Kostka Matt Hunwick 60 1 2 2
2 Brendon Nash Jakub Kindl 40 1 2 2
Penalty Kill 4 Players Forward
Center Wing Time % Phy DF OF
1 Wayne Primeau Enver Lisin 60 1 2 2
2 Mathieu Dandenault Alyn McCauley 40 1 2 2
Penalty Kill 4 Players Defense
Defense Defense Time % Phy DF OF
1 Michael Kostka Matt Hunwick 60 1 2 2
2 Brendon Nash Jakub Kindl 40 1 2 2
Penalty Kill - 3 Players Forward
Forward Time % Phy DF OF
1 Wayne Primeau 60 1 2 2
2 Enver Lisin 40 1 2 2
Penalty Kill - 3 Players Defense
Defense Defense Time % Phy DF OF
1 Michael Kostka Matt Hunwick 60 1 2 2
2 Brendon Nash Jakub Kindl 40 1 2 2
4 vs 4 Forward
Center Wing Time % Phy DF OF
1 Wayne Primeau Enver Lisin 60 1 2 2
2 Mathieu Dandenault Alyn McCauley 40 1 2 2
4 vs 4 Defense
Defense Defense Time % Phy DF OF
1 Michael Kostka Matt Hunwick 60 1 2 2
2 Brendon Nash Jakub Kindl 40 1 2 2
Last Minutes Offensive
Center Left Wing Right Wing Defense Defense
Wayne Primeau Zach Boychuk Enver Lisin Michael Kostka Matt Hunwick
Last Minutes Defensive
Center Left Wing Right Wing Defense Defense
Wayne Primeau Zach Boychuk Enver Lisin Michael Kostka Matt Hunwick
Goaltenders
Starting : Martin Biron
Backup : Matt Hackett
Extra Forwards
Normal : Shawn Matthias, Matt Calvert, Steven Zalewski - PP : Shawn Matthias, Matt Calvert - PK : Steven Zalewski
Extra Defensemen
Normal : Andrew MacDonald, Nate Prosser, Brendon Nash - PP : Andrew MacDonald - PK : Nate Prosser, Brendon Nash
Penalty Shots
Wayne Primeau, Enver Lisin, Mathieu Dandenault, Alyn McCauley, Shawn Matthias
Sasquatch
5 vs 5 Forward
Center Left Wing Right Wing Time % Phy DF OF
1 Derek Stepan D.J King Jakub Voracek 40 1 2 2
2 Kevin Porter Oskar Osala Brandon Bochenski 30 1 2 2
3 Stephane Da Costa Kyle Clifford Cam Atkinson 20 1 2 2
4 Luke Adam Josh Bailey Matt Frattin 10 1 2 2
5 vs 5 Defense
Defense Defense Time % Phy DF OF
1 Keith Yandle Jake Gardiner 40 1 2 2
2 Matt Niskanen Ian Cole 30 1 2 2
3 Joe Corvo Nick Leddy 20 1 2 2
4 Joe Corvo Jake Gardiner 10 1 2 2
PowerPlay Forward
Center Left Wing Right Wing Time % Phy DF OF
1 Derek Stepan D.J King Jakub Voracek 60 1 2 2
2 Kevin Porter Oskar Osala Brandon Bochenski 40 1 2 2
PowerPlay Defense
Defense Defense Time % Phy DF OF
1 Joe Corvo Jake Gardiner 60 1 2 2
2 Matt Niskanen Nick Leddy 40 1 2 2
Penalty Kill 4 Players Forward
Center Wing Time % Phy DF OF
1 Kevin Porter D.J King 60 1 2 2
2 Brandon Bochenski Oskar Osala 40 1 2 2
Penalty Kill 4 Players Defense
Defense Defense Time % Phy DF OF
1 Joe Corvo Jake Gardiner 60 1 2 2
2 Matt Niskanen Keith Yandle 40 1 2 2
Penalty Kill - 3 Players Forward
Forward Time % Phy DF OF
1 Kevin Porter 60 1 2 2
2 D.J King 40 1 2 2
Penalty Kill - 3 Players Defense
Defense Defense Time % Phy DF OF
1 Joe Corvo Jake Gardiner 60 1 2 2
2 Matt Niskanen Keith Yandle 40 1 2 2
4 vs 4 Forward
Center Wing Time % Phy DF OF
1 Derek Stepan D.J King 60 1 2 2
2 Kevin Porter Jakub Voracek 40 1 2 2
4 vs 4 Defense
Defense Defense Time % Phy DF OF
1 Joe Corvo Jake Gardiner 60 1 2 2
2 Matt Niskanen Keith Yandle 40 1 2 2
Last Minutes Offensive
Center Left Wing Right Wing Defense Defense
Derek Stepan D.J King Jakub Voracek Joe Corvo Jake Gardiner
Last Minutes Defensive
Center Left Wing Right Wing Defense Defense
Kevin Porter D.J King Jakub Voracek Joe Corvo Jake Gardiner
Goaltenders
Starting : Anders Lindback
Backup : Marek Schwarz
Extra Forwards
Normal : Brandon Bochenski, Stephane Da Costa, Josh Bailey - PP : Brandon Bochenski, Stephane Da Costa - PK : Matt Frattin
Extra Defensemen
Normal : Ian Cole, Nick Leddy, Matt Niskanen - PP : Ian Cole - PK : Nick Leddy, Matt Niskanen
Penalty Shots
Cam Atkinson, Oskar Osala, Brandon Bochenski, Joe Corvo, Matt Frattin
% Time on Ice - Blackdemons
Lines # - Real PCT - Wanted PCT - Time Play
Normal Forward
1 - 35% - 40% - 17:56
2 - 29% - 30% - 14:58
3 - 21% - 20% - 10:50
4 - 15% - 10% - 7:54
Normal Defense
1 - 36% - 40% - 18:47
2 - 29% - 30% - 14:56
3 - 30% - 20% - 15:15
4 - 5% - 10% - 2:40
PP Forward
1 - 62% - 60% - 2:51
2 - 38% - 40% - 1:45
PP Defense
1 - 59% - 60% - 2:42
2 - 41% - 40% - 1:54
PK Forward
1 - 85% - 60% - 2:17
2 - 15% - 40% - 0:24
PK Defense
1 - 67% - 60% - 1:48
2 - 33% - 40% - 0:53
PK3 Forward
1 - 0% - 60%
2 - 0% - 40%
PK3 Defense
1 - 0% - 60%
2 - 0% - 40%
44 Forward
1 - 0% - 60%
2 - 0% - 40%
44 Defense
1 - 0% - 60%
2 - 0% - 40%
Last Minute Offensive - 0:00
Last Minute Defensive - 1:05
Total
Forward - 60:00
Defense - 60:00
|
% Time on Ice - Sasquatch
Lines # - Real PCT - Wanted PCT - Time Play
Normal Forward
1 - 36% - 40% - 18:44
2 - 29% - 30% - 14:46
3 - 21% - 20% - 10:47
4 - 14% - 10% - 7:22
Normal Defense
1 - 37% - 40% - 19:00
2 - 26% - 30% - 13:32
3 - 22% - 20% - 11:26
4 - 15% - 10% - 7:41
PP Forward
1 - 70% - 60% - 1:53
2 - 30% - 40% - 0:48
PP Defense
1 - 80% - 60% - 2:09
2 - 20% - 40% - 0:32
PK Forward
1 - 89% - 60% - 4:05
2 - 11% - 40% - 0:31
PK Defense
1 - 86% - 60% - 3:58
2 - 14% - 40% - 0:38
PK3 Forward
1 - 0% - 60%
2 - 0% - 40%
PK3 Defense
1 - 0% - 60%
2 - 0% - 40%
44 Forward
1 - 0% - 60%
2 - 0% - 40%
44 Defense
1 - 0% - 60%
2 - 0% - 40%
Last Minute Offensive - 1:04
Last Minute Defensive - 0:00
Total
Forward - 60:00
Defense - 60:00
|
Play by Play
1st period
0:01 of 1st period - Derek Stepan wins face-off versus Shawn Matthias in neutral zone.
0:12 of 1st period - Shawn Matthias is hit by Keith Yandle and loses puck.
0:25 of 1st period - Keith Yandle is hit by Mathieu Dandenault and loses puck.
0:40 of 1st period - Minor Penalty to Zach Boychuk for Hooking.
0:41 of 1st period - Wayne Primeau wins face-off versus Derek Stepan in Blackdemons zone.
0:49 of 1st period - Icing by D.J King.
0:50 of 1st period - Derek Stepan wins face-off versus Wayne Primeau in Sasquatch zone.
1:05 of 1st period - Wrist shot by Jakub Voracek.
1:05 of 1st period - Goal by Jakub Voracek - Blackdemons : 0 - Sasquatch : 1.
1:06 of 1st period - Stephane Da Costa wins face-off versus Scott Timmins in neutral zone.
1:15 of 1st period - Snap shot by Stephane Da Costa.
1:15 of 1st period - Shot Misses the Net.
2:11 of 1st period - Brandon Bochenski is hit by Zach Boychuk and loses puck.
2:34 of 1st period - Snap shot by Wayne Primeau.
2:34 of 1st period - Shot Blocked by Joe Corvo.
2:42 of 1st period - Nate Prosser is hit by Joe Corvo.
2:46 of 1st period - Wrist shot by Wayne Primeau.
2:46 of 1st period - Stopped by Anders Lindback with a rebound.
3:02 of 1st period - Snap shot by Wayne Primeau.
3:02 of 1st period - Deflect By Mathieu Dandenault.
3:02 of 1st period - Stopped by Anders Lindback with a rebound.
3:45 of 1st period - Icing by Andrew MacDonald.
3:46 of 1st period - Derek Stepan wins face-off versus Wayne Primeau in Blackdemons zone.
4:03 of 1st period - Wayne Primeau is hit by Derek Stepan and loses puck.
4:18 of 1st period - Snap shot by Enver Lisin.
4:18 of 1st period - Shot Misses the Net.
4:20 of 1st period - Slapshot by Shawn Matthias.
4:20 of 1st period - Stopped by Anders Lindback without a rebound.
4:21 of 1st period - Stephane Da Costa wins face-off versus Shawn Matthias in Sasquatch zone.
4:47 of 1st period - D.J King is hit by Alyn McCauley and loses puck.
5:32 of 1st period - Slapshot by Jake Gardiner.
5:32 of 1st period - Shot Blocked by Michael Kostka.
5:34 of 1st period - Backhand shot by Jake Gardiner.
5:34 of 1st period - Stopped by Martin Biron without a rebound.
5:35 of 1st period - Stephane Da Costa wins face-off versus Alyn McCauley in Blackdemons zone.
5:52 of 1st period - Wrist shot by Stephane Da Costa.
5:52 of 1st period - Shot Hit the Post.
6:07 of 1st period - Off-side.
6:08 of 1st period - Shawn Matthias wins face-off versus Derek Stepan in neutral zone.
6:33 of 1st period - Michael Haley is hit by Brandon Bochenski.
6:41 of 1st period - Wrist shot by Shawn Matthias.
6:41 of 1st period - Shot Misses the Net.
6:43 of 1st period - Slapshot by Michael Kostka.
6:43 of 1st period - Stopped by Anders Lindback without a rebound.
6:44 of 1st period - Derek Stepan wins face-off versus Steven Zalewski in Sasquatch zone.
6:44 of 1st period - Derek Stepan is hit by Matt Hunwick.
7:09 of 1st period - Scott Timmins is hit by Jake Gardiner.
7:35 of 1st period - Snap shot by Stephane Da Costa.
7:35 of 1st period - Shot Blocked by Brendon Nash.
7:43 of 1st period - Snap shot by Stephane Da Costa.
7:43 of 1st period - Stopped by Martin Biron with a rebound.
7:59 of 1st period - Wrist shot by Derek Stepan.
7:59 of 1st period - Deflect By D.J King.
7:59 of 1st period - Stopped by Martin Biron with a rebound.
8:19 of 1st period - Kevin Porter is hit by Steven Zalewski.
8:41 of 1st period - Wrist shot by Matt Frattin.
8:41 of 1st period - Shot Blocked by Alyn McCauley.
9:26 of 1st period - Snap shot by Cam Atkinson.
9:26 of 1st period - Shot Misses the Net.
10:21 of 1st period - Michael Haley is hit by D.J King and loses puck.
10:56 of 1st period - Nate Prosser is hit by Jake Gardiner and loses puck.
11:08 of 1st period - Slapshot by Nate Prosser.
11:08 of 1st period - Shot Blocked by Joe Corvo.
11:08 of 1st period - Joe Corvo from Sasquatch is injured at 11:08 of 1st period (Bruised Left Arm).
11:09 of 1st period - Shawn Matthias wins face-off versus Derek Stepan in Sasquatch zone.
11:24 of 1st period - Snap shot by D.J King.
11:24 of 1st period - Shot Blocked by Matt Hunwick.
11:34 of 1st period - Ian Cole is hit by Matt Hunwick and loses puck.
12:20 of 1st period - Jakub Kindl is hit by Cam Atkinson and loses puck.
12:37 of 1st period - Michael Haley is hit by D.J King and loses puck.
12:46 of 1st period - Wrist shot by Jakub Voracek.
12:46 of 1st period - Stopped by Martin Biron with a rebound.
12:56 of 1st period - Ian Cole is hit by Nate Prosser and loses puck.
13:15 of 1st period - Wrist shot by Josh Bailey.
13:15 of 1st period - Stopped by Martin Biron with a rebound.
13:40 of 1st period - Zach Boychuk is hit by Kyle Clifford and loses puck.
14:54 of 1st period - Snap shot by Matt Calvert.
14:54 of 1st period - Stopped by Anders Lindback with a rebound.
15:35 of 1st period - Icing by Ian Cole.
15:36 of 1st period - Wayne Primeau wins face-off versus Stephane Da Costa in Sasquatch zone.
15:37 of 1st period - Wrist shot by Mathieu Dandenault.
15:37 of 1st period - Stopped by Anders Lindback without a rebound.
15:38 of 1st period - Wayne Primeau wins face-off versus Derek Stepan in Sasquatch zone.
15:39 of 1st period - Wrist shot by Mathieu Dandenault.
15:39 of 1st period - Goal by Mathieu Dandenault - Blackdemons : 1 - Sasquatch : 1.
15:40 of 1st period - Derek Stepan wins face-off versus Shawn Matthias in neutral zone.
15:45 of 1st period - Wrist shot by D.J King.
15:45 of 1st period - Shot Blocked by Michael Kostka.
15:47 of 1st period - Slapshot by Jake Gardiner.
15:47 of 1st period - Shot Misses the Net.
15:49 of 1st period - Slapshot by Derek Stepan.
15:49 of 1st period - Shot Misses the Net.
15:51 of 1st period - Snap shot by D.J King.
15:51 of 1st period - Shot Blocked by Matt Hunwick.
15:53 of 1st period - Slapshot by Keith Yandle.
15:53 of 1st period - Stopped by Martin Biron with a rebound.
15:55 of 1st period - Snap shot by Jake Gardiner.
15:55 of 1st period - Stopped by Martin Biron with a rebound.
16:14 of 1st period - Snap shot by Kevin Porter.
16:14 of 1st period - Goal by Kevin Porter - Blackdemons : 1 - Sasquatch : 2.
16:15 of 1st period - Derek Stepan wins face-off versus Shawn Matthias in neutral zone.
16:19 of 1st period - Off-side.
16:20 of 1st period - Shawn Matthias wins face-off versus Derek Stepan in neutral zone.
16:23 of 1st period - Backhand shot by Michael Kostka.
16:23 of 1st period - Stopped by Anders Lindback without a rebound.
16:24 of 1st period - Derek Stepan wins face-off versus Shawn Matthias in Sasquatch zone.
16:33 of 1st period - Snap shot by Jakub Voracek.
16:33 of 1st period - Shot Blocked by Shawn Matthias.
16:35 of 1st period - Wrist shot by Jakub Voracek.
16:35 of 1st period - Stopped by Martin Biron with a rebound.
16:37 of 1st period - Slapshot by Keith Yandle.
16:37 of 1st period - Shot Misses the Net.
16:39 of 1st period - Snap shot by D.J King.
16:39 of 1st period - Stopped by Martin Biron with a rebound.
16:41 of 1st period - Snap shot by Jakub Voracek.
16:41 of 1st period - Stopped by Martin Biron without a rebound.
16:42 of 1st period - Kevin Porter wins face-off versus Wayne Primeau in Blackdemons zone.
16:43 of 1st period - Snap shot by Oskar Osala.
16:43 of 1st period - Deflect By Matt Hunwick.
16:43 of 1st period - Stopped by Martin Biron with a rebound.
16:49 of 1st period - Wayne Primeau is hit by Kevin Porter.
16:55 of 1st period - Backhand shot by Michael Kostka.
16:55 of 1st period - Stopped by Anders Lindback without a rebound.
16:56 of 1st period - Derek Stepan wins face-off versus Enver Lisin in Sasquatch zone.
17:11 of 1st period - Snap shot by Keith Yandle.
17:11 of 1st period - Shot Blocked by Michael Kostka.
17:21 of 1st period - Matt Hunwick is hit by Cam Atkinson and loses puck.
17:40 of 1st period - Wrist shot by Enver Lisin.
17:40 of 1st period - Shot Misses the Net.
17:42 of 1st period - Wrist shot by Michael Haley.
17:42 of 1st period - Shot Misses the Net.
18:02 of 1st period - Wrist shot by Enver Lisin.
18:02 of 1st period - Deflect By Shawn Matthias.
18:02 of 1st period - Stopped by Anders Lindback without a rebound.
18:03 of 1st period - Wayne Primeau wins face-off versus D.J King in Sasquatch zone.
18:04 of 1st period - Wrist shot by Mathieu Dandenault.
18:04 of 1st period - Shot Blocked by Keith Yandle.
18:08 of 1st period - Snap shot by Zach Boychuk.
18:08 of 1st period - Deflect By Wayne Primeau.
18:08 of 1st period - Stopped by Anders Lindback without a rebound.
18:09 of 1st period - Derek Stepan wins face-off versus Wayne Primeau in Sasquatch zone.
18:22 of 1st period - Snap shot by Zach Boychuk.
18:22 of 1st period - Shot Blocked by Jake Gardiner.
18:24 of 1st period - Wrist shot by Wayne Primeau.
18:24 of 1st period - Shot Misses the Net.
18:39 of 1st period - Icing by Jakub Kindl.
18:40 of 1st period - Alyn McCauley wins face-off versus Kevin Porter in Blackdemons zone.
19:07 of 1st period - Snap shot by Zach Boychuk.
19:07 of 1st period - Stopped by Anders Lindback without a rebound.
19:08 of 1st period - Wayne Primeau wins face-off versus Derek Stepan in Sasquatch zone.
19:33 of 1st period - Jakub Voracek is hit by Shawn Matthias and loses puck.
19:56 of 1st period - Snap shot by Alyn McCauley.
19:56 of 1st period - Shot Misses the Net.
Goals for this period are 1 for Blackdemons vs 2 for Sasquatch.
Shots for this period are 12 for Blackdemons vs 13 for Sasquatch.
2nd period
0:01 of 2nd period - Derek Stepan wins face-off versus Shawn Matthias in neutral zone.
0:14 of 2nd period - Snap shot by Jakub Voracek.
0:14 of 2nd period - Stopped by Martin Biron with a rebound.
0:16 of 2nd period - Slapshot by Matt Niskanen.
0:16 of 2nd period - Shot Misses the Net.
1:19 of 2nd period - Snap shot by Jakub Voracek.
1:19 of 2nd period - Stopped by Martin Biron with a rebound.
1:21 of 2nd period - Wrist shot by Jake Gardiner.
1:21 of 2nd period - Shot Misses the Net.
1:23 of 2nd period - Snap shot by Keith Yandle.
1:23 of 2nd period - Stopped by Martin Biron without a rebound.
1:24 of 2nd period - Steven Zalewski wins face-off versus Stephane Da Costa in Blackdemons zone.
1:24 of 2nd period - Steven Zalewski is hit by Nick Leddy.
1:50 of 2nd period - Wayne Primeau is hit by Jakub Voracek and loses puck.
2:05 of 2nd period - Minor Penalty to Derek Stepan for Interference.
2:06 of 2nd period - Wayne Primeau wins face-off versus Kevin Porter in Sasquatch zone.
2:07 of 2nd period - Snap shot by Enver Lisin.
2:07 of 2nd period - Shot Blocked by Jake Gardiner.
2:13 of 2nd period - Snap shot by Enver Lisin.
2:13 of 2nd period - Shot Hit the Post.
2:15 of 2nd period - Snap shot by Michael Kostka.
2:15 of 2nd period - Shot Misses the Net.
2:17 of 2nd period - Snap shot by Matt Hunwick.
2:17 of 2nd period - Stopped by Anders Lindback with a rebound.
2:19 of 2nd period - Snap shot by Wayne Primeau.
2:19 of 2nd period - Shot Misses the Net.
2:21 of 2nd period - Snap shot by Zach Boychuk.
2:21 of 2nd period - Stopped by Anders Lindback with a rebound.
2:35 of 2nd period - Slapshot by Matt Hunwick.
2:35 of 2nd period - Stopped by Anders Lindback without a rebound.
2:36 of 2nd period - Wayne Primeau wins face-off versus Kevin Porter in Sasquatch zone.
2:39 of 2nd period - Slapshot by Wayne Primeau.
2:39 of 2nd period - Shot Blocked by Jake Gardiner.
2:41 of 2nd period - Slapshot by Jakub Kindl.
2:41 of 2nd period - Deflect By Jake Gardiner.
2:41 of 2nd period - Stopped by Anders Lindback with a rebound.
2:43 of 2nd period - Snap shot by Enver Lisin.
2:43 of 2nd period - Goal by Enver Lisin - Blackdemons : 2 - Sasquatch : 2.
2:44 of 2nd period - Derek Stepan wins face-off versus Shawn Matthias in neutral zone.
2:51 of 2nd period - Wrist shot by Jakub Voracek.
2:51 of 2nd period - Stopped by Martin Biron without a rebound.
2:52 of 2nd period - Derek Stepan wins face-off versus Shawn Matthias in Blackdemons zone.
2:59 of 2nd period - Snap shot by D.J King.
2:59 of 2nd period - Shot Hit the Post.
3:01 of 2nd period - Backhand shot by D.J King.
3:01 of 2nd period - Stopped by Martin Biron without a rebound.
3:02 of 2nd period - Shawn Matthias wins face-off versus D.J King in Blackdemons zone.
3:15 of 2nd period - Slapshot by Matt Niskanen.
3:15 of 2nd period - Stopped by Martin Biron without a rebound.
3:16 of 2nd period - Brandon Bochenski wins face-off versus Wayne Primeau in Blackdemons zone.
3:17 of 2nd period - Slapshot by Kevin Porter.
3:17 of 2nd period - Shot Misses the Net.
3:29 of 2nd period - Wrist shot by Mathieu Dandenault.
3:29 of 2nd period - Stopped by Anders Lindback with a rebound.
3:31 of 2nd period - Backhand shot by Mathieu Dandenault.
3:31 of 2nd period - Deflect By Kevin Porter.
3:31 of 2nd period - Stopped by Anders Lindback without a rebound.
3:32 of 2nd period - Derek Stepan wins face-off versus Shawn Matthias in Sasquatch zone.
3:32 of 2nd period - Derek Stepan is hit by Shawn Matthias.
3:42 of 2nd period - Slapshot by Ian Cole.
3:42 of 2nd period - Stopped by Martin Biron with a rebound.
3:48 of 2nd period - Slapshot by Jakub Voracek.
3:48 of 2nd period - Shot Misses the Net.
4:20 of 2nd period - Michael Kostka is hit by Kyle Clifford and loses puck.
4:45 of 2nd period - Luca Caputi is hit by Jake Gardiner and loses puck.
5:01 of 2nd period - Wrist shot by Enver Lisin.
5:01 of 2nd period - Shot Blocked by Ian Cole.
5:03 of 2nd period - Slapshot by Enver Lisin.
5:03 of 2nd period - Stopped by Anders Lindback with a rebound.
5:05 of 2nd period - Snap shot by Enver Lisin.
5:05 of 2nd period - Blackdemons goal is going for a video replay.
5:05 of 2nd period - The goal is good.
5:05 of 2nd period - Goal by Enver Lisin - Blackdemons : 3 - Sasquatch : 2.
5:06 of 2nd period - Derek Stepan wins face-off versus Shawn Matthias in neutral zone.
5:11 of 2nd period - Michael Haley is hit by Jakub Voracek and loses puck.
5:17 of 2nd period - Icing by Michael Haley.
5:18 of 2nd period - Derek Stepan wins face-off versus Shawn Matthias in Blackdemons zone.
6:51 of 2nd period - Slapshot by Matt Niskanen.
6:51 of 2nd period - Shot Blocked by Jakub Kindl.
7:07 of 2nd period - Zach Boychuk is hit by Brandon Bochenski and loses puck.
7:29 of 2nd period - Matt Calvert is hit by Ian Cole.
8:08 of 2nd period - Snap shot by Matt Frattin.
8:08 of 2nd period - Stopped by Martin Biron with a rebound.
8:29 of 2nd period - Snap shot by Mathieu Dandenault.
8:29 of 2nd period - Shot Misses the Net.
8:43 of 2nd period - Jakub Kindl is hit by Kyle Clifford and loses puck.
9:06 of 2nd period - Wrist shot by D.J King.
9:06 of 2nd period - Shot Misses the Net.
9:18 of 2nd period - Snap shot by Shawn Matthias.
9:18 of 2nd period - Stopped by Anders Lindback with a rebound.
9:52 of 2nd period - Wrist shot by Kevin Porter.
9:52 of 2nd period - Shot Misses the Net.
9:54 of 2nd period - Backhand shot by Ian Cole.
9:54 of 2nd period - Stopped by Martin Biron with a rebound.
10:24 of 2nd period - Steven Zalewski is hit by Stephane Da Costa and loses puck.
10:59 of 2nd period - Snap shot by Oskar Osala.
10:59 of 2nd period - Stopped by Martin Biron with a rebound.
11:23 of 2nd period - Snap shot by Enver Lisin.
11:23 of 2nd period - Stopped by Anders Lindback without a rebound.
11:24 of 2nd period - Shawn Matthias wins face-off versus Derek Stepan in Sasquatch zone.
11:37 of 2nd period - Snap shot by Enver Lisin.
11:37 of 2nd period - Stopped by Anders Lindback without a rebound.
11:38 of 2nd period - Kevin Porter wins face-off versus Wayne Primeau in Sasquatch zone.
11:38 of 2nd period - Kevin Porter is hit by Matt Hunwick.
11:54 of 2nd period - Backhand shot by Wayne Primeau.
11:54 of 2nd period - Shot Misses the Net.
12:00 of 2nd period - Minor Penalty to Jake Gardiner for Roughing.
12:01 of 2nd period - Kevin Porter wins face-off versus Wayne Primeau in Sasquatch zone.
12:36 of 2nd period - Slapshot by Brendon Nash.
12:36 of 2nd period - Shot Blocked by Matt Niskanen.
12:46 of 2nd period - Alyn McCauley is hit by Brandon Bochenski.
13:06 of 2nd period - Matt Niskanen is hit by Wayne Primeau and loses puck.
13:40 of 2nd period - Brendon Nash is hit by Ian Cole and loses puck.
14:00 of 2nd period - Penalty to Jake Gardiner is over, Jake Gardiner is back on ice.
14:57 of 2nd period - Jakub Kindl is hit by Kevin Porter and loses puck.
15:08 of 2nd period - D.J King is hit by Luca Caputi and loses puck.
15:26 of 2nd period - Andrew MacDonald is hit by Luke Adam and loses puck.
15:44 of 2nd period - Icing by Brandon Bochenski.
15:45 of 2nd period - Alyn McCauley wins face-off versus Kevin Porter in Sasquatch zone.
15:46 of 2nd period - Snap shot by Matt Calvert.
15:46 of 2nd period - Stopped by Anders Lindback without a rebound.
15:47 of 2nd period - Shawn Matthias wins face-off versus Derek Stepan in Sasquatch zone.
15:53 of 2nd period - Icing by D.J King.
15:54 of 2nd period - D.J King wins face-off versus Shawn Matthias in Sasquatch zone.
15:54 of 2nd period - D.J King is hit by Shawn Matthias.
16:13 of 2nd period - Off-side.
16:14 of 2nd period - Kevin Porter wins face-off versus Wayne Primeau in neutral zone.
16:27 of 2nd period - Snap shot by Kevin Porter.
16:27 of 2nd period - Deflect By Oskar Osala.
16:27 of 2nd period - Stopped by Martin Biron without a rebound.
16:28 of 2nd period - Derek Stepan wins face-off versus Shawn Matthias in Blackdemons zone.
16:41 of 2nd period - Wrist shot by Enver Lisin.
16:41 of 2nd period - Stopped by Anders Lindback with a rebound.
16:53 of 2nd period - Kevin Porter is hit by Zach Boychuk and loses puck.
17:24 of 2nd period - Slapshot by Matt Hunwick.
17:24 of 2nd period - Stopped by Anders Lindback without a rebound.
17:25 of 2nd period - Shawn Matthias wins face-off versus Derek Stepan in Sasquatch zone.
17:36 of 2nd period - Wrist shot by Derek Stepan.
17:36 of 2nd period - Stopped by Martin Biron with a rebound.
17:38 of 2nd period - Snap shot by D.J King.
17:38 of 2nd period - Shot Misses the Net.
17:57 of 2nd period - Slapshot by Brendon Nash.
17:57 of 2nd period - Deflect By Wayne Primeau.
17:57 of 2nd period - Stopped by Anders Lindback without a rebound.
17:58 of 2nd period - Derek Stepan wins face-off versus Wayne Primeau in Sasquatch zone.
18:05 of 2nd period - Wrist shot by Matt Niskanen.
18:05 of 2nd period - Shot Misses the Net.
18:07 of 2nd period - Wrist shot by Ian Cole.
18:07 of 2nd period - Stopped by Martin Biron without a rebound.
18:08 of 2nd period - Derek Stepan wins face-off versus Wayne Primeau in Blackdemons zone.
18:29 of 2nd period - Wrist shot by Jakub Voracek.
18:29 of 2nd period - Shot Blocked by Nate Prosser.
18:31 of 2nd period - Wrist shot by D.J King.
18:31 of 2nd period - Stopped by Martin Biron without a rebound.
18:32 of 2nd period - Kevin Porter wins face-off versus Shawn Matthias in Blackdemons zone.
18:38 of 2nd period - Minor Penalty to Michael Haley for Hooking.
18:39 of 2nd period - Wayne Primeau wins face-off versus Jakub Voracek in Blackdemons zone.
18:42 of 2nd period - Off-side.
18:43 of 2nd period - Derek Stepan wins face-off versus Wayne Primeau in neutral zone.
18:52 of 2nd period - Slapshot by D.J King.
18:52 of 2nd period - Goal by D.J King - Blackdemons : 3 - Sasquatch : 3.
18:53 of 2nd period - Derek Stepan wins face-off versus Enver Lisin in neutral zone.
18:58 of 2nd period - Icing by Enver Lisin.
18:59 of 2nd period - Shawn Matthias wins face-off versus Derek Stepan in Blackdemons zone.
19:51 of 2nd period - Slapshot by Matt Hunwick.
19:51 of 2nd period - Stopped by Anders Lindback with a rebound.
Goals for this period are 2 for Blackdemons vs 1 for Sasquatch.
Shots for this period are 17 for Blackdemons vs 15 for Sasquatch.
3rd period
0:01 of 3rd period - Jakub Voracek wins face-off versus Michael Haley in neutral zone.
0:28 of 3rd period - Slapshot by Michael Kostka.
0:28 of 3rd period - Stopped by Anders Lindback without a rebound.
0:29 of 3rd period - Kevin Porter wins face-off versus Alyn McCauley in Sasquatch zone.
1:06 of 3rd period - Slapshot by Kevin Porter.
1:06 of 3rd period - Stopped by Martin Biron without a rebound.
1:07 of 3rd period - Shawn Matthias wins face-off versus Derek Stepan in Blackdemons zone.
1:34 of 3rd period - Kyle Clifford is hit by Zach Boychuk and loses puck.
1:47 of 3rd period - Minor Penalty to Mathieu Dandenault for Interference.
1:48 of 3rd period - Wayne Primeau wins face-off versus D.J King in Blackdemons zone.
1:59 of 3rd period - Slapshot by Jake Gardiner.
1:59 of 3rd period - Shot Blocked by Matt Hunwick.
2:01 of 3rd period - Snap shot by Derek Stepan.
2:01 of 3rd period - Stopped by Martin Biron without a rebound.
2:02 of 3rd period - Wayne Primeau wins face-off versus Derek Stepan in Blackdemons zone.
2:19 of 3rd period - Wayne Primeau is hit by Derek Stepan and loses puck.
3:32 of 3rd period - Oskar Osala is hit by Jakub Kindl and loses puck.
3:47 of 3rd period - Penalty to Mathieu Dandenault is over, Mathieu Dandenault is back on ice.
4:36 of 3rd period - Icing by Nate Prosser.
4:37 of 3rd period - Stephane Da Costa wins face-off versus Wayne Primeau in Blackdemons zone.
5:17 of 3rd period - Wrist shot by Nate Prosser.
5:17 of 3rd period - Stopped by Anders Lindback without a rebound.
5:18 of 3rd period - Kevin Porter wins face-off versus Shawn Matthias in Sasquatch zone.
5:58 of 3rd period - Minor Penalty to Alyn McCauley for Hooking.
5:59 of 3rd period - Derek Stepan wins face-off versus Wayne Primeau in Blackdemons zone.
6:01 of 3rd period - Snap shot by Jakub Voracek.
6:01 of 3rd period - Goal by Jakub Voracek - Blackdemons : 3 - Sasquatch : 4.
6:02 of 3rd period - Michael Haley wins face-off versus Derek Stepan in neutral zone.
6:09 of 3rd period - Wrist shot by Enver Lisin.
6:09 of 3rd period - Stopped by Anders Lindback with a rebound.
6:11 of 3rd period - Slapshot by Matt Hunwick.
6:11 of 3rd period - Shot Blocked by Jake Gardiner.
6:13 of 3rd period - Slapshot by Shawn Matthias.
6:13 of 3rd period - Shot Blocked by Keith Yandle.
6:17 of 3rd period - Wrist shot by Enver Lisin.
6:17 of 3rd period - Deflect By Shawn Matthias.
6:17 of 3rd period - Stopped by Anders Lindback with a rebound.
6:29 of 3rd period - Icing by Brandon Bochenski.
6:30 of 3rd period - Kevin Porter wins face-off versus Wayne Primeau in Sasquatch zone.
7:09 of 3rd period - Jakub Kindl is hit by Jake Gardiner and loses puck.
7:24 of 3rd period - Alyn McCauley is hit by Jake Gardiner.
7:40 of 3rd period - Slapshot by Keith Yandle.
7:40 of 3rd period - Stopped by Martin Biron with a rebound.
7:59 of 3rd period - Slapshot by Matt Niskanen.
7:59 of 3rd period - Stopped by Martin Biron with a rebound.
8:01 of 3rd period - Slapshot by Matt Niskanen.
8:01 of 3rd period - Shot Misses the Net.
8:03 of 3rd period - Backhand shot by Derek Stepan.
8:03 of 3rd period - Shot Misses the Net.
8:05 of 3rd period - Backhand shot by Ian Cole.
8:05 of 3rd period - Shot Hit the Post.
8:07 of 3rd period - Snap shot by D.J King.
8:07 of 3rd period - Shot Blocked by Wayne Primeau.
8:07 of 3rd period - Wayne Primeau from Blackdemons is injured at 8:07 of 3rd period (Bruised Right Shoulder).
8:08 of 3rd period - D.J King wins face-off versus Shawn Matthias in Blackdemons zone.
8:13 of 3rd period - Snap shot by Derek Stepan.
8:13 of 3rd period - Shot Blocked by Matt Hunwick.
8:23 of 3rd period - Ian Cole is hit by Michael Kostka and loses puck.
8:34 of 3rd period - Michael Kostka is hit by Ian Cole and loses puck.
8:41 of 3rd period - Slapshot by Brendon Nash.
8:41 of 3rd period - Stopped by Anders Lindback without a rebound.
8:42 of 3rd period - Kevin Porter wins face-off versus Alyn McCauley in Sasquatch zone.
9:08 of 3rd period - Wrist shot by Stephane Da Costa.
9:08 of 3rd period - Shot Blocked by Alyn McCauley.
9:28 of 3rd period - Matt Calvert is hit by Derek Stepan and loses puck.
9:37 of 3rd period - Backhand shot by Jakub Voracek.
9:37 of 3rd period - Shot Misses the Net.
9:39 of 3rd period - Wrist shot by D.J King.
9:39 of 3rd period - Shot Misses the Net.
9:51 of 3rd period - Wrist shot by Enver Lisin.
9:51 of 3rd period - Stopped by Anders Lindback without a rebound.
9:52 of 3rd period - Luke Adam wins face-off versus Shawn Matthias in Sasquatch zone.
9:52 of 3rd period - Luke Adam is hit by Enver Lisin.
9:58 of 3rd period - Nick Leddy is hit by Michael Kostka and loses puck.
10:04 of 3rd period - Icing by Ian Cole.
10:05 of 3rd period - Luke Adam wins face-off versus Shawn Matthias in Sasquatch zone.
10:10 of 3rd period - Snap shot by Enver Lisin.
10:10 of 3rd period - Shot Misses the Net.
10:12 of 3rd period - Wrist shot by Michael Haley.
10:12 of 3rd period - Deflect By Enver Lisin.
10:12 of 3rd period - Stopped by Anders Lindback with a rebound.
10:14 of 3rd period - Snap shot by Enver Lisin.
10:14 of 3rd period - Goal by Enver Lisin - Blackdemons : 4 - Sasquatch : 4.
10:15 of 3rd period - Derek Stepan wins face-off versus Shawn Matthias in neutral zone.
10:17 of 3rd period - Off-side.
10:18 of 3rd period - Shawn Matthias wins face-off versus Derek Stepan in neutral zone.
10:34 of 3rd period - Minor Penalty to D.J King for Hooking.
10:35 of 3rd period - Shawn Matthias wins face-off versus Kevin Porter in Sasquatch zone.
10:35 of 3rd period - Wrist shot by Michael Kostka.
10:35 of 3rd period - Shot Misses the Net.
10:37 of 3rd period - Slapshot by Michael Kostka.
10:37 of 3rd period - Shot Misses the Net.
10:39 of 3rd period - Snap shot by Shawn Matthias.
10:39 of 3rd period - Shot Misses the Net.
10:41 of 3rd period - Slapshot by Zach Boychuk.
10:41 of 3rd period - Deflect By Shawn Matthias.
10:41 of 3rd period - Shot Blocked by Nick Leddy.
10:41 of 3rd period - Puck is out of play.
10:42 of 3rd period - Kevin Porter wins face-off versus Shawn Matthias in Sasquatch zone.
12:34 of 3rd period - Penalty to D.J King is over, D.J King is back on ice.
12:40 of 3rd period - D.J King is hit by Michael Kostka and loses puck.
13:09 of 3rd period - Wrist shot by Josh Bailey.
13:09 of 3rd period - Shot Misses the Net.
14:04 of 3rd period - Brandon Bochenski is hit by Francois Bouchard.
14:50 of 3rd period - Icing by Jake Gardiner.
14:51 of 3rd period - Alyn McCauley wins face-off versus Matt Frattin in Sasquatch zone.
14:52 of 3rd period - Snap shot by Mathieu Dandenault.
14:52 of 3rd period - Goal by Mathieu Dandenault - Blackdemons : 5 - Sasquatch : 4.
14:53 of 3rd period - Derek Stepan wins face-off versus Shawn Matthias in neutral zone.
15:56 of 3rd period - Slapshot by Matt Niskanen.
15:56 of 3rd period - Stopped by Martin Biron without a rebound.
15:57 of 3rd period - Kevin Porter wins face-off versus Steven Zalewski in Blackdemons zone.
16:04 of 3rd period - Backhand shot by Kevin Porter.
16:04 of 3rd period - Shot Misses the Net.
16:06 of 3rd period - Slapshot by Ian Cole.
16:06 of 3rd period - Shot Misses the Net.
16:22 of 3rd period - Matt Hunwick is hit by Derek Stepan and loses puck.
17:10 of 3rd period - Nate Prosser is hit by Keith Yandle and loses puck.
18:33 of 3rd period - Brandon Bochenski is hit by Shawn Matthias and loses puck.
18:41 of 3rd period - Icing by Jake Gardiner.
18:42 of 3rd period - Alyn McCauley wins face-off versus Kevin Porter in Sasquatch zone.
18:45 of 3rd period - Snap shot by Enver Lisin.
18:45 of 3rd period - Shot Misses the Net.
18:47 of 3rd period - Slapshot by Enver Lisin.
18:47 of 3rd period - Stopped by Anders Lindback with a rebound.
19:12 of 3rd period - Wrist shot by Andrew MacDonald.
19:12 of 3rd period - Stopped by Anders Lindback with a rebound.
19:16 of 3rd period - Snap shot by Enver Lisin.
19:16 of 3rd period - Stopped by Anders Lindback with a rebound.
19:18 of 3rd period - Snap shot by Nate Prosser.
19:18 of 3rd period - Shot Misses the Net.
19:20 of 3rd period - Slapshot by Nate Prosser.
19:20 of 3rd period - Stopped by Anders Lindback with a rebound.
19:22 of 3rd period - Wrist shot by Matt Calvert.
19:22 of 3rd period - Stopped by Anders Lindback with a rebound.
19:26 of 3rd period - Slapshot by Andrew MacDonald.
19:26 of 3rd period - Deflect By Jakub Voracek.
19:26 of 3rd period - Stopped by Anders Lindback with a rebound.
19:28 of 3rd period - Snap shot by Zach Boychuk.
19:28 of 3rd period - Stopped by Anders Lindback without a rebound.
19:29 of 3rd period - Dave Tippett call a timeout for Sasquatch.
19:29 of 3rd period - Derek Stepan wins face-off versus Matt Calvert in Sasquatch zone.
19:36 of 3rd period - Sasquatch, Anders Lindback is pulled from the net.
19:52 of 3rd period - Slapshot by Jakub Voracek.
19:52 of 3rd period - Stopped by Martin Biron without a rebound.
19:53 of 3rd period - Matt Calvert wins face-off versus Derek Stepan in Blackdemons zone.
19:53 of 3rd period - Matt Calvert is hit by D.J King.
Goals for this period are 2 for Blackdemons vs 1 for Sasquatch.
Shots for this period are 16 for Blackdemons vs 7 for Sasquatch.
0:00 - Minor Penalty to Derek Stepan for Roughing.
Goals for this period are 2 for Blackdemons vs 1 for Sasquatch.
Shots for this period are 16 for Blackdemons vs 7 for Sasquatch.
Output by the SimonT Hockey Simulator (STHS) for François Prévost -- Original Page W3C XHTML 1.0 Valid